 Dungeon Crawl Stone Soup version 0.27-b1-41-gafb5482f4b (webtiles) character file.

Game seed: 11904380158519891555

30 pikapanic the Cutter (level 3, -1/31 HPs)
             Began as a Palentonga Berserker on July 28, 2021.
             Was a Follower of Trog.
             Slain by a dart slug (3 damage)
             ... on level 1 of the Dungeon.
             The game lasted 00:02:04 (566 turns).

pikapanic the Cutter (Palentonga Berserker)          Turns: 566, Time: 00:02:04

Health: -1/31      AC:  4    Str: 21    XL:     3   Next: 3%
Magic:  3/3        EV:  9    Int:  7    God:    Trog [*.....]
Gold:   0          SH:  0    Dex:  9    Spells: 2/2 levels left

rFire    . . .     SeeInvis +   f - +0 glaive
rCold    . . .     Faith    .   (shield currently unavailable)
rNeg     . . .     Spirit   .   b - +0 animal skin
rPois    .         Reflect  .   (no helmet)
rElec    .         Harm     .   (no cloak)
rCorr    .         Rampage  .   (no gloves)
Will     .....                  (no barding)
Stlth    +.........             (no amulet)
HPRegen  0.10/turn              (no ring)
MPRegen  0.08/turn              (no ring)

@: on berserk cooldown, slowed, very slow
A: large, rugged brown scales 3, see invisible, deformed body, roll 1, armoured
tail
a: Rolling Charge, Renounce Religion, Berserk


You were on level 1 of the Dungeon.
You worshipped Trog.
Trog was aware of your devotion.
You visited 1 branch of the dungeon, and saw 1 of its levels.

Inventory:

Hand Weapons
 a - a +0 short sword
 f - a +0 glaive (weapon)
Armour
 b - a +0 animal skin (worn)
Scrolls
 d - a scroll of noise {unknown}
 e - a scroll of identify {unknown}
Potions
 c - a potion of curing {unknown}


   Skills:
 + Level 3.4 Fighting
 - Level 3.5 Short Blades
 * Level 0.5 Polearms
 + Level 1.7 Armour
 - Level 1.6 Dodging


You had 2 spell levels left.
You didn't know any spells.
Your spell library was empty.

Dungeon Overview and Level Annotations

Branches:
Dungeon (1/15)

Altars:


Innate Abilities, Weirdness & Mutations

You are completely covered in rugged brown scales. (AC +3, +7% HP)
You have supernaturally acute eyesight. (SInv)
Armour fits poorly on your strangely shaped body.
You can roll at nearby foes to attack.
You have a long armoured tail.


Message History

You barely miss the jackal.
Your tail-slap misses the jackal.
The jackal bites you.
* * * LOW HITPOINT WARNING * * *
You closely miss the jackal.
Your tail-slap misses the jackal.
The jackal bites you but does no damage. x2
You barely miss the jackal.
You are no longer berserk.
You are exhausted.
You feel yourself slow down. The jackal bites you.
* * * LOW HITPOINT WARNING * * *
The jackal bites you.
* * * LOW HITPOINT WARNING * * *
You miss the jackal. The jackal bites you.
* * * LOW HITPOINT WARNING * * *
The jackal barely misses you.
The jackal bites you but does no damage.
The jackal closely misses you.
You slash the jackal!
You kill the jackal!
Trog accepts your kill. The dart slug launches a dart at you.
The slug dart hits you.
* * * LOW HITPOINT WARNING * * *
The dart slug launches a dart at you. The slug dart hits you.
* * * LOW HITPOINT WARNING * * *
The dart slug launches a dart at you. The slug dart hits you.
* * * LOW HITPOINT WARNING * * *
You are too injured to fight recklessly!
There are no items here.
Roll where?
Press: ? - help, Q - select action Dir - move target, f - dart slug
Aim: a dart slug You roll forward with a clatter of scales!
You hit the dart slug.
The dart slug is heavily wounded.
The dart slug bites you but does no damage.
The dart slug bites you.
You die...

##......#.........#
#..###.#..##.#.###
#.........##....#
#.##......####..#
..##......####..#
#.. #............#
#.....######○#
#######.....○#
#.####@# ###w#
#...# .......#.#
.##.#..#.# #......#
.....### ...##.#
.## #.


You could see a dart slug.

Vanquished Creatures
  3 dart slugs (D:1)
  3 bats (D:1)
  An endoplasm (D:1)
  A goblin (D:1)
  8 jackals (D:1)
  2 kobolds (D:1)
  A ball python (D:1)
  2 frilled lizards (D:1)
21 creatures vanquished.

Notes
Turn   | Place    | Note
-------+----------+-------------------------------------------
     0 | D:1      | pikapanic the Palentonga Berserker began the quest for the
                  | Orb.
     0 | D:1      | Reached XP level 1. HP: 19/19 MP: 1/1
   170 | D:1      | Reached XP level 2. HP: 25/25 MP: 2/2
   553 | D:1      | Reached XP level 3. HP: 12/31 MP: 3/3
   565 | D:1      | HP: 1/31 [dart slug/slug dart (3)]
   566 | D:1      | Slain by a dart slug

Illustrated notes

Levels and vault maps discovered:
D:1:      ncdulo_halloftheorcs, layout_loops_cross

Action                   || total
-------------------------++-------
Melee: Short sword       ||    36
       Tailslap          ||     7
       Glaive            ||    37
Invok: Berserk           ||     1
 Abil: Rolling Charge    ||    14
Armor: Animal skin       ||    27
Dodge: Dodged            ||    46
